 Dungeon Crawl Stone Soup version 0.27.1-3-gb3d3a73c9e (webtiles) character file.

Game seed: 3820950627108681540

58 Descartes the Covert (level 3, 0/19 HPs)
             Began as a Spriggan Delver on Oct 18, 2021.
             Succumbed to a scorpion's poison
             ... on level 5 of the Dungeon.
             The game lasted 00:00:17 (21 turns).

Descartes the Covert (Spriggan Delver)                Turns: 21, Time: 00:00:17

Health: 0/19       AC:  2    Str:  9    XL:     3   Next: 75%
Magic:  4/4        EV: 18    Int: 11    God:
Gold:   0          SH:  0    Dex: 16    Spells: 2/2 levels left

rFire    . . .     SeeInvis +   a - +0 short sword
rCold    . . .     Faith    .   (shield restricted)
rNeg     . . .     Spirit   .   b - +0 robe
rPois    .         Reflect  .   (helmet restricted)
rElec    .         Harm     .   (no cloak)
rCorr    .         Rampage  .   (gloves unavailable)
Will     .....                  (boots unavailable)
Stlth    ++++......             (no amulet)
HPRegen  0.06/turn              (no ring)
MPRegen  0.09/turn              (no ring)

@: lethally poisoned (0 -> -10), flying, very quick
A: very small, no large weapons, unfitting armour, see invisible, speed 3
a: no special abilities


You were on level 5 of the Dungeon.
You visited 1 branch of the dungeon, and saw 1 of its levels.

Inventory:

Hand Weapons
 a - a +0 short sword (weapon)
Armour
 b - a +0 robe (worn)
Jewellery
 i - a ring of fire
Wands
 g - a wand of digging (3)
Scrolls
 c - a scroll of fog
 d - a scroll of magic mapping
 e - a scroll of fear
Potions
 f - a potion of haste


   Skills:
 - Level 2.4 Fighting
 + Level 2.9 Short Blades
 + Level 3.6 Dodging
 * Level 8.3 Stealth


You had 2 spell levels left.
You didn't know any spells.
Your spell library was empty.

Dungeon Overview and Level Annotations

Branches:
Dungeon (5/15)
 Temple: D:4-7

Altars:


Innate Abilities, Weirdness & Mutations

You are very small and have problems with some larger weapons.
You are too small for most types of armour.
You have supernaturally acute eyesight. (SInv)
You cover ground extremely quickly. (Speed+++)


Message History

Welcome, Descartes the Spriggan Delver.
The bosom of this dungeon contains the transcendent artefact, the Orb of Zot.
Press ? for a list of commands and other information.
Found a stone staircase leading down.
Found a stone staircase leading down.
Found an emerald potion and an emerald ring.
Found 4 gold pieces.
h - an emerald potion
i - a ring of fire A scorpion comes into view.
Found a blackened wooden wand.
Found 8 boomerangs.
The helpless scorpion fails to defend itself.
You puncture the scorpion!
The scorpion is almost dead.
The scorpion stings you!
Ouch! That really hurt!
You are lethally poisoned!
The scorpion poisons you!
You are too injured to fight recklessly!
You are too injured to fight recklessly!
You hit the scorpion.
You kill the scorpion!
* * * LOW HITPOINT WARNING * * *
You feel very sick.
Your Dodging skill increases to level 3!
Your Stealth skill increases to level 8!
You have reached level 2!
You have reached level 3!
Your experience leads to an increase in your attributes!
Increase (S)trength, (I)ntelligence, or (D)exterity?
You feel stronger.
It was a potion of flight.
You feel very buoyant.
You fly up into the air.
You die...

#.#
##############..
#...........##.#
#.......#.#.##.#
#.#####.#.#.##.#
##..>.#....#
#..#######.##
#.....#.....####.#
#>#.#.#...@.$.....
#.#.# #.#.†.#.##.#
..............#
.#.##.#####.####
#.#.##.# #.# # ..#
.# #+# ###


There were no monsters in sight!

Vanquished Creatures
  A scorpion (D:5)
1 creature vanquished.

Notes
Turn   | Place    | Note
-------+----------+-------------------------------------------
     0 | D:5      | Descartes the Spriggan Delver began the quest for the Orb.
     0 | D:5      | Reached XP level 1. HP: 11/11 MP: 2/2
    15 | D:5      | Noticed a scorpion
    20 | D:5      | Killed a scorpion
    21 | D:5      | Reached skill level 8 in Stealth
    21 | D:5      | Reached XP level 2. HP: 2/16 MP: 3/3
    21 | D:5      | Reached XP level 3. HP: 2/19 MP: 4/4
    21 | D:5      | Succumbed to a scorpion's poison

Illustrated notes

Levels and vault maps discovered:
D:5:      layout_loops_corners, general_overflow_altar,
          hangedman_abyss_or_decor_lesser_grid

Skill      XL: |  1 |
---------------+----+-----
Dodging        | 3 |  3.6
Stealth        | 8 |  8.3
Fighting       | |  2.4
Short Blades   | |  2.9

Action                   || total
-------------------------++-------
Melee: Short sword       ||     2
  Use: Potion            ||     1
 Stab: Sleeping          ||     1
